General information
- name: BNet
- type: Ladder 1vs1/FFA
- host: Battle.net
- saver: pithy
map: LostTemple
- players: 2
- length: 14:34
- speed: Fast
- version: 1.21 W3XP
- replay type: Public
» download(61 KB)
Players
team 1 (winner)
pithy (
purple | 129 APM | 1887 actions | 14:34)
4 Blademaster
2 Wind Walk
2 Critical Strike
2 Shadow Hunter
1 Hex
1 Healing Wave
2 Tauren Chieftain
1 War Stomp
1 Endurance Aura
» actions
| Assign group hotkey | 27 | |
| Basic commands | 185 | |
| Build / train | 39 | |
| ESC pressed | 1 | |
| Enter build submenu | 16 | |
| Enter hero's abilities submenu | 8 | |
| Give item / drop item | 4 | |
| Right click | 610 | |
| Select / deselect | 132 | |
| Select group hotkey | 802 | |
| Use ability | 63 | |
1887 total
» units
| Peon | 7 | |
| Grunt | 4 | |
| Wind Rider | 4 | |
| Kodo Beast | 1 | |
16 total
» upgrades
| Berserker Strength | 1 | |
| Envenomed Spears | 1 | |
| War Drums Damage Increase | 1 | |
3 total
» buildings
| Altar of Storms | 1 | |
| Orc Burrow | 7 | |
| Barracks | 1 | |
| Voodoo Lounge | 1 | |
| Stronghold | 2 | |
| Beastiary | 2 | |
| Fortress | 2 | |
| War Mill | 1 | |
| Great Hall | 2 | |
19 total
» build order
00:06 Altar of Storms
00:16 Orc Burrow
00:35 Barracks
01:27 Orc Burrow
01:58 Voodoo Lounge
02:47 Stronghold
03:44 Orc Burrow
04:00 Orc Burrow
06:06 Beastiary
06:46 Beastiary
08:18 Orc Burrow
08:20 Fortress
09:30 Orc Burrow
10:04 War Mill
10:29 Great Hall
10:33 Orc Burrow
11:37 Great Hall
» items
| Scroll of Speed | 1 | |
| Healing Salve | 1 | |
| Lesser Clarity Potion | 2 | |
| Orb of Lightning | 1 | |
5 total
team 2 (loser)
RoyJonesJr. (
pink | 187 APM | 2723 actions | 14:33)
2 Death Knight
1 Death Coil
1 Unholy Aura
1 Crypt Lord
1 Spiked Carapace
1 Lich
1 Frost Nova
» actions
| Assign group hotkey | 405 | |
| Basic commands | 297 | |
| Build / train | 49 | |
| ESC pressed | 3 | |
| Enter build submenu | 12 | |
| Enter hero's abilities submenu | 4 | |
| Give item / drop item | 2 | |
| Right click | 850 | |
| Select / deselect | 473 | |
| Select group hotkey | 586 | |
| Use ability | 42 | |
2723 total
» units
| Acolyte | 2 | |
| Ghoul | 4 | |
| Crypt Fiend | 15 | |
| Obsidian Statue | 6 | |
27 total
» upgrades
| Burrow | 1 | |
| Web | 1 | |
| Destroyer Form | 1 | |
3 total
» buildings
| Crypt | 1 | |
| Altar of Darkness | 1 | |
| Ziggurat | 5 | |
| Graveyard | 1 | |
| Tomb of Relics | 1 | |
| Nerubian Tower | 2 | |
| Halls of the Dead | 1 | |
| Spirit Tower | 2 | |
| Slaughterhouse | 1 | |
| Black Citadel | 1 | |
16 total
» build order
00:05 Crypt
00:09 Altar of Darkness
00:32 Ziggurat
00:55 Graveyard
01:27 Tomb of Relics
02:03 Ziggurat
02:04 Ziggurat
02:06 Nerubian Tower
04:15 Halls of the Dead
04:29 Ziggurat
06:24 Spirit Tower
06:57 Slaughterhouse
08:30 Nerubian Tower
08:34 Spirit Tower
09:01 Black Citadel
10:25 Ziggurat
» items
| Rod of Necromancy | 2 | |
| Dust of Appearance | 1 | |
| Orb of Corruption | 1 | |
4 total
Chat log
(14:02 / All) RoyJonesJr.: bitch
(14:06 / All) pithy: gg
(14:09 / All) RoyJonesJr.: i own you
(14:16 / All) pithy: k
(14:20 / All) RoyJonesJr.: i dont even play ud
(14:22 / All) RoyJonesJr.: if you can notice
(14:23 / All) RoyJonesJr.: play me again
(14:24 / All) pithy: I did
(14:25 / All) RoyJonesJr.: orc vs orc
(14:29 / All) RoyJonesJr.: gj
(14:31 / All) pithy: thx
(14:32 / All) RoyJonesJr.: join gn = got